 Dungeon Crawl Stone Soup version 0.31-a0-971-g75a2e9a4b4 (webtiles) character file.

Game seed: 3239888950743931248

103789 serber55 the Swashbuckler (level 16, -7/103 HPs)
             Began as a Kobold Enchanter on Oct 14, 2023.
             Was a High Priest of Dithmenos.
             Collided with a crystal wall (13 damage)
             ... caused by a rakshasa
             ... on level 15 of the Dungeon on Oct 28, 2023.
             The game lasted 02:38:51 (30382 turns).

serber55 the Swashbuckler (Kobold Enchanter)       Turns: 30382, Time: 02:38:52

Health: -7/103     AC: 18    Str: 12      XL:     16   Next: 90%
Magic:  0/33       EV: 20    Int: 21 (22) God:    Dithmenos [*****.]
Gold:   527        SH:  0    Dex: 19      Spells: 19/42 levels left

rFire   . . .        S - +9 rapier (venom)
rCold   + . .        (no shield)
rNeg    + . .        I - +5 robe of Circular Logic {Rampage rElec Str-2 SInv}
rPois   +            r - +0 helmet {SInv}
rElec   +            t - +1 cloak
rCorr   .            O - +0 pair of gloves
SInv    +            g - +3 pair of boots of Vehumet's Generosity {+Blink rPois rN+}
Will    +....        H - amulet "Nyiw" {Spirit Str+4 SInv}
Stlth   ++++++++++   L - ring of protection from cold
HPRegen 0.37/turn    J - +6 ring of intelligence
MPRegen 0.23/turn

%: clarity, guardian spirit, rampage
@: wreathed by umbra, studying Armour
A: small, no large weapons, nightstalker 3, talons 1, clarity, wild magic 2
a: Renounce Religion, Evoke Blink, Shadow Step, Shadow Form


You were on level 15 of the Dungeon.
You worshipped Dithmenos.
Dithmenos was extremely pleased with you.
You visited 4 branches of the dungeon, and saw 23 of its levels.
You also visited: Sewer and Ice Cave.

You collected 2834 gold pieces.
You spent 2307 gold pieces at shops.

Inventory:

Hand Weapons
 A - a +3 heavy dagger
 S - a +9 rapier of venom (weapon)
Missiles
 q - 5 curare-tipped darts (quivered)
 Y - 3 datura-tipped darts
Armour
 g - the +3 pair of boots of Vehumet's Generosity (worn) {+Blink rPois rN+}
   (You found it on level 5 of the Lair of Beasts)

   rPois:     It protects you from poison rN+: It protects you from negative
   energy.
   +Blink:    It lets you blink.
 r - a +0 helmet of see invisible (worn)
 t - a +1 cloak (worn)
 I - the +5 robe of Circular Logic (worn) {Rampage rElec Str-2 SInv}
   (You found it on level 8 of the Dungeon)

   Str-2:     It affects your strength (-2).
   rElec:     It insulates you from electricity.
   SInv:      It lets you see invisible.
   Rampage:   It bestows one free step when moving towards enemies.
 O - a +0 pair of gloves (worn)
Jewellery
 w - the ring "Dolaunn" {rPois rC- Str+5 Slay+4}
   (You bought it in a shop on level 2 of the Orcish Mines)

   [ring of slaying]

   Str+5:     It affects your strength (+5).
   Slay+4:    It affects your accuracy & damage with ranged weapons and melee
   (+4).
   rC-:       It makes you vulnerable to cold.
   rPois:     It protects you from poison
 x - a ring of protection from fire
 F - a ring of resist corrosion
 H - the amulet "Nyiw" (around neck) {Spirit Str+4 SInv}
   (You bought it in a shop on level 8 of the Dungeon)

   [amulet of guardian spirit]

   Spirit:    It causes incoming damage to be divided between your reserves of
   health and magic.
   Str+4:     It affects your strength (+4).
   SInv:      It lets you see invisible.
 J - a +6 ring of intelligence (right hand)
 L - a ring of protection from cold (left hand)
 U - a ring of flight
Wands
 a - a wand of iceblast (6)
 C - a wand of flame (14)
 X - a wand of quicksilver (6)
Scrolls
 b - 4 scrolls of fear
 d - a scroll of silence
 h - 3 scrolls of immolation
 j - 13 scrolls of teleportation
 l - a scroll of poison
 p - a scroll of identify
 u - 5 scrolls of revelation
 y - 3 scrolls of vulnerability
 E - 5 scrolls of torment
 K - 2 scrolls of enchant armour
 Q - 5 scrolls of amnesia
 R - a scroll of enchant weapon
 T - 2 scrolls of fog
Potions
 c - 2 potions of invisibility
 e - 4 potions of haste
 i - 8 potions of curing
 k - 4 potions of enlightenment
 m - a potion of brilliance
 n - 3 potions of magic
 o - 5 potions of lignification
 s - 3 potions of resistance
 v - 3 potions of cancellation
 z - 2 potions of ambrosia
 B - 3 potions of attraction
 D - 3 potions of heal wounds
 G - a potion of mutation
 P - a potion of berserk rage
Miscellaneous
 M - a phial of floods
 N - a phantom mirror


   Skills:
 + Level 12.4 Fighting
 * Level 19.4 Short Blades
 - Level 11.3 Armour
 + Level 8.5 Dodging
 - Level 11.0 Stealth
 + Level 13.6 Spellcasting
 - Level 11.0 Hexes
 - Level 5.0 Air Magic


You had 19 spell levels left.
You knew the following spells:

 Your Spells              Type           Power      Damage    Failure   Level
a - Ensorcelled Hibernat  Hex/Ice        100%       N/A       3%          2
b - Tukima's Dance        Hex            77%        N/A       1%          3
c - Confusing Touch       Hex            77%        N/A       1%          3
d - Blink                 Tloc           44%        N/A       16%         2
e - Dazzling Flash        Conj/Hex       100%       N/A       4%          3
f - Silence               Hex/Air        33%        N/A       12%         5
g - Swiftness             Air            54%        N/A       5%          3
h - Passwall              Tmut/Erth      18%        N/A       16%         2

Your spell library contained the following spells:

 Spells                   Type           Power      Damage    Failure   Level
 Static Discharge         Conj/Air       78%        3-7/arc   7%          2
 Foxfire                  Conj/Fire      88%        2x1d8     11%         1
 Kiss of Death            Conj/Necr      88%        2d12      11%         1
 Fulminant Prism          Conj/Hex       28%        3d14      12%         4
 Airstrike                Air            27%        2d(4-20)  13%         4
 Scorch                   Fire           44%        2d6       16%         2
 Sublimation of Blood     Necr           22%        N/A       16%         2
 Wereblood                Tmut           22%        N/A       16%         2
 Volatile Blastmotes      Fire/Tloc      44%        2d13      26%         3
 Summon Mana Viper        Hex/Summ       56%        N/A       26%         5
 Summon Lightning Spire   Summ/Air       39%        N/A       30%         4
 Dispel Undead            Necr           22%        3d12      58%         4
 Flame Wave               Conj/Fire      22%        2d8       58%         4
 Iskenderun's Mystic Bla  Conj/Tloc      22%        2d6       58%         4
 Manifold Assault         Tloc           22%        N/A       58%         4
 Passage of Golubria      Tloc           22%        N/A       58%         4
 Summon Ice Beast         Ice/Summ       22%        N/A       58%         4
 Agony                    Necr           22%        N/A       88%         5
 Irradiate                Conj/Tmut      11%        3d15      88%         5
 Plasma Beam              Fire/Air       19%        2x1d31    98%         6
 Starburst                Conj/Fire      11%        6d5       100%        6
 Summon Cactus Giant      Summ           11%        N/A       100%        6
 Monstrous Menagerie      Summ           11%        N/A       100%        7
 Summon Hydra             Summ           11%        N/A       100%        7
 Lehudib's Crystal Spear  Conj/Erth      11%        10d4      100%        8


Dungeon Overview and Level Annotations

Branches:
Dungeon (15/15)            Temple (1/1) D:6            Lair (5/5) D:9
 Shoals (0/4) Lair:3       Spider (0/4) Lair:3        Slime (0/5) Lair:5
    Orc (2/2) D:12            Elf (0/3) Orc:2        Vaults (0/5) D:13
 Depths (0/4) D:15          Sewer (visited)           IceCv (visited)

Altars:
Ashenzari
Cheibriados
Dithmenos
Elyvilon
Fedhas
Gozag
Hepliaklqana
Kikubaaqudgha
Makhleb
Nemelex Xobeh
Okawaru
Qazlal
Ru
Sif Muna
Trog
Uskayaw
Vehumet
Wu Jian
Xom
Yredelemnul
Zin
The Shining One
Jiyva

Shops:
D:4 [   D:8 ((*?   Orc:2 [:=[

Annotations:
Lair:1 Deiv's ghost, journeyman MiHu


Innate Abilities, Weirdness & Mutations

You are small and have problems with some larger weapons.
You are completely attuned to the shadows.
You have sharp toenails.
You possess an exceptional clarity of mind.
Your spells are harder to cast, but more powerful.


Message History

You hit the rakshasa.
The rakshasa is almost dead.
You closely miss the rakshasa.
The rakshasa is almost dead.
The rakshasa completely misses you.
You hit the rakshasa.
The rakshasa is almost dead.
You barely miss the rakshasa.
The rakshasa is almost dead.
The rakshasa blinks!
The rakshasa hits you but does no damage.
You closely miss the rakshasa.
The rakshasa is almost dead.
You hit the rakshasa.
The rakshasa is almost dead.
The rakshasa gestures at you. The lance of force misses you.
The rakshasa barely misses you.
You barely miss the rakshasa.
The rakshasa is almost dead.
Casting: Dazzling Flash (mildly dangerous; 4% risk of failure)
Confirm with . or Enter, or press ? or * to list all spells.
Casting: Dazzling Flash (mildly dangerous; 4% risk of failure)
Press: ? - help, Dir - look around, f - activate The rakshasa is dazzled. x2; The rakshasa barely misses you.
Unknown command.
You miss the rakshasa.
The rakshasa is almost dead.
The rakshasa gestures at you. The lance of force hits you!!
* * * LOW HITPOINT WARNING * * *
You are knocked back by the lance of force.
You slam into the crystal wall!
* * * LOW HITPOINT WARNING * * *
You feel much better. The rakshasa gestures at you.
The lance of force hits you!!
* * * LOW HITPOINT WARNING * * *
You are knocked back by the lance of force.
You slam into the crystal wall!
You die...

#..######.+....#........'.....#
#.....###.#....+........#.....#
..........######........#########
.......#############.............
................#######........##
...............##....,##.####..##
..............##.....,,######..##
..............#..#****,,*......##
........###'###.@#,,,*,,*........
...........)..)R.#,>,+,,###+#####
........####..#.R#,,,*,,#........
........# #..#..#****,,#........
........# #..##...,,,,##........
........# #...##.....##.........
....)...# #...########..........
........# #...#.................
........####...#.................


You could see 2 rakshasas.

Vanquished Creatures
  A very ugly thing (IceCv)
  4 hydras
  2 ogre magi (Orc:2)
  2 caustic shrike simulacra (IceCv)
  A catoblepas (Lair:4)
  A death knight (D:9)
  4 centaur warriors
  5 boulder beetles
  13 two-headed ogres
  3 death yaks (Lair:4)
  Urug (Lair:4)
  A tengu warrior (D:15)
  2 occultists (D:15)
  12 spriggans (Lair:5)
  2 deep trolls (Orc:2)
  An orange crystal statue (IceCv)
  Pikel (D:6)
  An arcanist (D:13)
  3 necromancers
  2 deep elf pyromancers
  A deep elf zephyrmancer (D:15)
  An orc sorcerer (D:15)
  An orc knight (Orc:2)
  9 cyclopes
  19 ugly things
  4 manticores
  A manticore (shapeshifter) (D:15)
  7 black mambas
  A centaur zombie (D:15)
  3 elephants (Lair:5)
  2 gargoyles
  A torpor snail (Lair:2)
  3 centaur skeletons (D:15)
  2 ice statues (D:15)
  4 rime drakes
  15 cane toads
  An unseen horror (D:8)
  Maggie (Lair:1)
  Jeremiah (D:8)
  2 efreet
  18 komodo dragons
  4 freezing wraiths (IceCv)
  2 tengu conjurers (D:14)
  3 meliai (D:13)
  3 merfolk (Lair:3)
  4 polar bears
  Prince Ribbit (D:6)
  14 trolls
  2 alligator simulacra (IceCv)
  6 hornets
  2 dream sheep (Lair:5)
  35 blink frogs
  A jumping spider (Lair:3)
  3 shadows
  3 wyverns (D:9)
  A yak (shapeshifter) (D:15)
  48 yaks
  3 wraiths
  Grum (D:8)
  5 basilisks
  3 redbacks (Lair:3)
  10 vampire mosquitoes
  A swamp worm (shapeshifter) (D:15)
  3 steam dragons
  An acid dragon (D:10)
  2 wargs
  3 harpy simulacra (IceCv)
  2 hydra simulacra (IceCv)
  2 ice beasts
  9 water moccasins
  6 black bears
  12 orc warriors
  An ettin simulacrum (IceCv)
  24 ogres
  5 boggarts (Lair:5)
  30 wolves
  14 centaurs
  2 phantoms
  3 lemures (D:6)
  2 kobold brigands
  Blork the orc (D:6)
  2 gnoll sergeants
  11 bullfrogs
  3 scorpions
  11 wights
  2 lindwurm simulacra (IceCv)
  14 killer bees
  2 electric eels (D:8)
  3 howler monkeys
  6 hounds
  Crazy Yiuf (D:2)
  10 orc priests
  4 jellies
  A sleepcap (D:7)
  3 gnoll boudas
  Ijyb (D:3)
  Natasha (D:2)
  2 iguanas
  12 orc wizards
  28 gnolls
  8 adders
  4 white imps
  2 ufetubi (D:7)
  2 worms (D:2)
  A dart slug (D:4)
  44 orcs
  9 ball pythons
  14 endoplasms
  3 giant cockroaches
  9 goblins
  9 hobgoblins
  3 jackals (D:3)
  25 kobolds
  6 quokkas
  12 bats
  2 frilled lizards (D:3)
  5 rats
711 creatures vanquished.

Vanquished Creatures (collateral kills)
  Snorg (Lair:4)
  A troll (Orc:2)
  3 orc warriors
  6 ogres
  3 centaurs
  6 wights
  An orc wizard (D:7)
  A gnoll (D:5)
  A white imp (D:5)
  7 orcs
30 creatures vanquished.

Vanquished Creatures (others)
  14 dancing weapons
  An orc wizard (D:12)
  2 orcs (D:12)
17 creatures vanquished.

Grand Total: 758 creatures vanquished

Notes
Turn   | Place    | Note
-------+----------+-------------------------------------------
     0 | D:1      | serber55 the Kobold Enchanter began the quest for the Orb.
     0 | D:1      | Reached XP level 1. HP: 10/10 MP: 3/3
    84 | D:1      | Reached skill level 2 in Short Blades
    84 | D:1      | Reached XP level 2. HP: 15/15 MP: 5/5
    90 | D:1      | Learned a level 2 spell: Ensorcelled Hibernation
   436 | D:1      | Reached XP level 3. HP: 19/19 MP: 6/6
   485 | D:1      | Learned a level 3 spell: Tukima's Dance
  1228 | D:2      | Reached skill level 3 in Short Blades
  1228 | D:2      | Reached XP level 4. HP: 24/24 MP: 6/8
  1614 | D:2      | Noticed Natasha
  1624 | D:2      | Killed Natasha
  1800 | D:2      | Reached XP level 5. HP: 28/28 MP: 9/9
  1922 | D:2      | Found a runed translucent door.
  1925 | D:2      | Noticed Crazy Yiuf
  1930 | D:2      | Killed Crazy Yiuf
  2052 | D:3      | Found a blossoming altar of Fedhas.
  2060 | D:3      | Found a snail-covered altar of Cheibriados.
  2070 | D:3      | Found a stormy altar of Qazlal.
  2194 | D:3      | Found a glowing drain.
  2200 | Sewer    | Entered a sewer
  2269 | Sewer    | Reached skill level 4 in Short Blades
  2312 | Sewer    | Noticed a kobold brigand
  2341 | Sewer    | Killed a kobold brigand
  2342 | Sewer    | Reached XP level 6. HP: 32/32 MP: 1/10
  2933 | D:3      | Gained mutation: You have sharp toenails. [potion of
                  | mutation]
  2933 | D:3      | Gained mutation: Your spells are a little harder to cast,
                  | but a little more powerful. [potion of mutation]
  2933 | D:3      | Gained mutation: You possess an exceptional clarity of
                  | mind. [potion of mutation]
  2933 | D:3      | Gained mutation: Your spells are harder to cast, but more
                  | powerful. [potion of mutation]
  3007 | D:3      | Noticed Ijyb
  3054 | D:3      | Killed Ijyb
  3055 | D:3      | Reached skill level 5 in Stealth
  3817 | D:4      | Reached skill level 5 in Short Blades
  3817 | D:4      | Reached XP level 7. HP: 26/36 MP: 1/12
  4419 | D:4      | Reached skill level 5 in Hexes
  4433 | D:4      | Found Biulieto's Armour Boutique.
  4438 | D:4      | Bought a +0 robe of willpower for 77 gold pieces
  4727 | D:4      | Reached XP level 8. HP: 41/41 MP: 11/14
  4840 | D:5      | Entered Level 5 of the Dungeon
  4875 | D:5      | Reached skill level 6 in Short Blades
  5578 | D:5      | Identified the +3 leather armour "Ilahy" {rF+ rC- rN++}
  5816 | D:5      | Reached skill level 5 in Spellcasting
  5983 | D:5      | Reached XP level 9. HP: 45/45 MP: 16/16
  6110 | D:6      | Noticed Blork the orc
  6114 | D:6      | Killed Blork the orc
  6115 | D:6      | Reached skill level 7 in Short Blades
  6150 | D:6      | Noticed Prince Ribbit
  6154 | D:6      | Killed Prince Ribbit
  6461 | D:6      | Found a staircase to the Ecumenical Temple.
  6469 | Temple   | Entered the Ecumenical Temple
  6473 | Temple   | Became a worshipper of Dithmenos the Shadowed
  6490 | D:6      | Noticed Pikel
  6503 | D:6      | Killed Pikel
  6716 | D:6      | Reached skill level 8 in Short Blades
  6979 | D:6      | Reached XP level 10. HP: 50/50 MP: 13/19
  7630 | D:7      | Learned a level 3 spell: Confusing Touch
  7825 | D:7      | Reached * piety under Dithmenos
  8244 | D:7      | Reached skill level 9 in Short Blades
  8388 | D:7      | Reached skill level 10 in Stealth
  8537 | D:8      | Found Nytiuf's Magic Scroll Boutique.
  8539 | D:8      | Found Qyli's Weapon Shop.
  8539 | D:8      | Found Jaekucs's Assorted Antiques.
  8541 | D:8      | Found Ceovvav's Antique Weapon Boutique.
  8545 | D:8      | Identified the +3 robe of Voin {rElec rF- Dex-2 Archmagi}
  8567 | D:8      | Bought a scroll of fear for 52 gold pieces
  8567 | D:8      | Bought a scroll of teleportation for 39 gold pieces
  8572 | D:8      | Bought a coiled crystal amulet for 110 gold pieces
  8572 | D:8      | Identified the amulet "Nyiw" {Spirit Str+4 SInv} (You
                  | bought it in a shop on level 8 of the Dungeon)
  8688 | D:8      | Identified the +5 robe of Circular Logic {Rampage rElec
                  | Str-2 SInv}
  8763 | D:8      | Noticed an unseen horror
  8774 | D:8      | Reached ** piety under Dithmenos
  8799 | D:8      | Reached skill level 10 in Hexes
  8800 | D:8      | Noticed a deep elf pyromancer
  8800 | D:8      | Noticed Jeremiah
  8809 | D:8      | Killed Jeremiah
  8810 | D:8      | Reached XP level 11. HP: 31/54 MP: 8/22
  8810 | D:8      | Noticed Grum
  8820 | D:8      | Killed Grum
  8860 | D:8      | Reached skill level 10 in Short Blades
  8974 | D:8      | Noticed a centaur warrior
  8987 | D:8      | Killed a centaur warrior
  9187 | D:8      | Noticed a cyclops
  9188 | D:8      | Killed a deep elf pyromancer
  9189 | D:8      | Reached skill level 1 in Fighting
  9189 | D:8      | Reached skill level 1 in Armour
  9195 | D:8      | Killed a cyclops
  9245 | D:8      | Noticed a boulder beetle
  9249 | D:8      | Killed a boulder beetle
  9250 | D:8      | Reached skill level 11 in Short Blades
 10294 | D:9      | Reached *** piety under Dithmenos
 10438 | D:9      | Noticed a death knight
 10438 | D:9      | Noticed a cyclops
 10438 | D:9      | Noticed a cyclops
 10441 | D:9      | Killed a death knight
 10442 | D:9      | Reached XP level 12. HP: 64/64 MP: 19/24
 10545 | D:9      | Reached skill level 12 in Short Blades
 10545 | D:9      | Upgraded the game from 0.31-a0-879-g1609e0ac53 to
                  | 0.31-a0-963-ga325b2283a
 10600 | D:9      | Learned a level 2 spell: Blink
 10604 | D:9      | Learned a level 3 spell: Dazzling Flash
 10923 | D:9      | Noticed a two-headed ogre
 10930 | D:9      | Killed a two-headed ogre
 11436 | D:9      | Found a staircase to the Lair.
 11728 | D:10     | Entered Level 10 of the Dungeon
 11804 | D:10     | Reached skill level 5 in Armour
 12170 | D:10     | Reached skill level 13 in Short Blades
 12689 | IceCv    | Identified the "Juura"
 12689 | Lair:1   | Entered Level 1 of the Lair of Beasts
 12819 | Lair:1   | Reached skill level 5 in Fighting
 13064 | Lair:1   | Noticed Maggie
 13066 | Lair:1   | Killed Maggie
 13162 | Lair:1   | Reached **** piety under Dithmenos
 13418 | Lair:1   | Reached XP level 13. HP: 74/74 MP: 26/26
 14041 | Lair:2   | Reached skill level 14 in Short Blades
 14140 | Lair:2   | Reached skill level 10 in Spellcasting
 14201 | Lair:2   | Upgraded the game from 0.31-a0-963-ga325b2283a to
                  | 0.31-a0-965-g8a8ce12e04
 14572 | Lair:2   | Found a runed translucent gate.
 14572 | Lair:2   | Found a runed translucent gate.
 14572 | Lair:2   | Found a runed translucent gate.
 14574 | Lair:2   | Noticed a 12-headed hydra
 14575 | Lair:2   | Noticed Deiv's ghost (journeyman MiHu)
 14575 | Lair:2   | Noticed a nine-headed hydra
 15670 | Lair:2   | Killed a 12-headed hydra
 15679 | Lair:2   | Identified the +8 long sword of Ascent {vamp, rF++ Dex-5}
 15846 | Lair:3   | Upgraded the game from 0.31-a0-965-g8a8ce12e04 to
                  | 0.31-a0-968-g24f9ace8b5
 16629 | Lair:3   | Noticed an eight-headed hydra
 16772 | Lair:3   | Killed an eight-headed hydra
 16773 | Lair:3   | Reached skill level 15 in Short Blades
 17022 | Lair:3   | Reached XP level 14. HP: 84/84 MP: 20/28
 17081 | Lair:3   | Reached ***** piety under Dithmenos
 17309 | Lair:3   | Found a staircase to the Shoals.
 17361 | Lair:3   | Found a hole to the Spider Nest.
 18073 | Lair:4   | Reached skill level 10 in Armour
 18393 | Lair:4   | Noticed Urug
 18407 | Lair:4   | Noticed Snorg
 18417 | Lair:4   | Killed Urug
 18419 | Lair:4   | Killed Snorg
 19162 | Lair:5   | Entered Level 5 of the Lair of Beasts
 19179 | Lair:5   | Reached skill level 16 in Short Blades
 19307 | Lair:5   | Found a staircase to the Slime Pits.
 19308 | Lair:5   | Found a viscous altar of Jiyva.
 20057 | Lair:5   | Reached skill level 10 in Fighting
 20516 | Lair:5   | Reached XP level 15. HP: 92/92 MP: 19/31
 21024 | Lair:5   | Upgraded the game from 0.31-a0-968-g24f9ace8b5 to
                  | 0.31-a0-971-g75a2e9a4b4
 21030 | Lair:5   | Learned a level 5 spell: Silence
 21114 | Lair:5   | Identified the +3 pair of boots of Vehumet's Generosity
                  | {+Blink rPois rN+}
 21475 | Lair:2   | Reached skill level 1 in Air Magic
 21543 | D:8      | Bought a scroll of enchant weapon for 165 gold pieces
 21550 | D:8      | Bought a scroll of revelation for 97 gold pieces
 21550 | D:8      | Bought a scroll of identify for 26 gold pieces
 21550 | D:8      | Bought a scroll of teleportation for 39 gold pieces
 21550 | D:8      | Bought a scroll of fog for 52 gold pieces
 21550 | D:8      | Bought 2 scrolls of fear for 104 gold pieces
 22431 | D:12     | Reached ****** piety under Dithmenos
 22515 | D:12     | Found a staircase to the Orcish Mines.
 22881 | D:12     | Reached skill level 17 in Short Blades
 23356 | Orc:1    | Entered Level 1 of the Orcish Mines
 23479 | D:12     | Reached skill level 5 in Dodging
 24000 | Orc:2    | Entered Level 2 of the Orcish Mines
 24070 | Orc:2    | Found a staircase to the Elven Halls.
 24477 | Orc:2    | Reached skill level 5 in Air Magic
 25407 | Orc:2    | Found Sosifur's Antique Armour Shop.
 25412 | Orc:2    | Bought a shiny helmet for 165 gold pieces
 25412 | Orc:2    | Bought a glowing scarf for 176 gold pieces
 25422 | Orc:2    | Found Xinkof's Jewellery Boutique.
 25429 | Orc:2    | Bought the ring "Dolaunn" {rPois rC- Str+5 Slay+4} for 1205
                  | gold pieces
 25470 | Orc:2    | Found Otoddoq's Armour Shop.
 25472 | Orc:2    | Found Ysask's Book Emporium.
 25506 | Orc:2    | Reached XP level 16. HP: 100/100 MP: 32/32
 26506 | D:13     | Found a gate to the Vaults.
 26511 | D:13     | Reached skill level 18 in Short Blades
 27078 | D:13     | Found an ornate altar of the Wu Jian Council.
 27374 | D:14     | Learned a level 3 spell: Swiftness
 27377 | D:14     | Learned a level 2 spell: Passwall
 27397 | D:14     | Found a hide-covered altar of Uskayaw.
 28078 | D:15     | Entered Level 15 of the Dungeon
 28097 | D:15     | Found a frozen archway.
 28181 | IceCv    | Entered an ice cave
 29422 | D:15     | Reached skill level 19 in Short Blades
 29481 | D:15     | Found Pawk's Jewellery Shoppe.
 30382 | D:15     | Collided with a crystal wall

Illustrated notes

Levels and vault maps discovered:
D:1:      elethiomel_arrival_shortcut, layout_basic
D:2:      minmay_inner_zag, layout_basic, uniq_crazy_yiuf_cottage, uniq_natasha
D:3:      layout_basic, grunt_temple_overflow_open,
          cheibrodos_sewer_entry_sluice, minmay_cut_off, uniq_ijyb
D:4:      layout_basic, serial_shops, nicolae_shop_stone, minmay_unequal
D:5:      layout_gridville
D:6:      layout_gridville, minmay_temple_entry_trees, st_stairs_12,
          minmay_misc_feat_tower, uniq_pikel, uniq_prince_ribbit1,
          uniq_blork_the_orc
D:7:      wad_guarded_room, layout_basic
D:8:      minmay_the_grid_square_5x5_3x3 [minmay_the_grid_square_5x5_misaligned,
          minmay_the_grid_square_5x5_tie, minmay_the_grid_square_5x5_hourglass,
          minmay_the_grid_square_5x5_corner,
          minmay_the_grid_square_5x5_megaprize_open,
          minmay_the_grid_square_5x5_mess, minmay_the_grid_square_5x5_fat_x,
          minmay_the_grid_square_5x5_detours,
          minmay_the_grid_square_5x5_inner_i], layout_basic,
          supply_closet_lemuel, nicolae_wooded_promenade, nicolae_two_hexagons,
          abandoned_shop, palyth_stone_intersect, uniq_jeremiah, uniq_grum
D:9:      nzn_winding_woodlands_cross [nzn_winding_woodlands_5x15_pockets,
          nzn_winding_woodlands_5x15_sawtooth,
          nzn_winding_woodlands_5x15_lazy_stream,
          nzn_winding_woodlands_5x15_jagged,
          nzn_winding_woodlands_15x15_killbox], layout_gridville,
          lair_entry_dummy
D:10:     layout_loops_corners
D:11:     layout_loops_ring
D:12:     nicolae_hitomezashi [nicolae_hito_row, nicolae_hito_row,
          nicolae_hito_row, nicolae_hito_row, nicolae_hito_row,
          nicolae_hito_row, nicolae_hito_row, nicolae_hito_row,
          nicolae_hito_row, nicolae_hito_row, nicolae_hito_row,
          nicolae_hito_row, nicolae_hito_row, nicolae_hito_row,
          nicolae_hito_row, nicolae_hito_row, nicolae_hito_row,
          nicolae_hito_row], layout_loops_ring, david_orc_3
D:13:     layout_long_grid, david_vaults_1, nicolae_wu_jian_glorious_leap
D:14:     layout_stronghold, nicolae_uskayaw_suspiria
D:15:     grunt_enter_depths_magical_seal, layout_stronghold, serial_shops,
          nicolae_shop_peninsula, hangedman_abyss_or_decor_stabs,
          portal_ice_cave_entry_ice_statue_two
Temple:   nicolae_temple_bog_church
Lair:1:   layout_chaotic_city, uniq_maggie
Lair:2:   layout_layer_cave, gammafunk_ghost_hydra_chop
Lair:3:   layout_cave_pods, mainiacjoe_shoals_entry_four_pools,
          spider_nest_entry_a, beast_lair_carwin_3
Lair:4:   wad_woods_structure_01, layout_cave_shapes, uniq_urug, uniq_snorg
Lair:5:   minmay_lair_end_enchanted_forest, layout_big_grid, slime_entry_1,
          grunt_megastairs_5, lemuel_fruit_tree
Orc:1:    layout_caves
Orc:2:    st_orc_open, layout_caves, basic_altar

Skill      XL: |  1  2  3  4  5  6  7  8  9 10 11 12 13 14 15 16 |
---------------+-------------------------------------------------+-----
Short Blades   | 2 3 4 5 6 8 9 11 13 15 16 17 19 | 19.4
Dodging        | 3 6 8 |  8.5
Spellcasting   | 3 4 5 6 7 8 9 10 12 13 | 13.6
Stealth        | 5 6 7 8 10 11 | 11.0
Hexes          | 4 5 6 8 10 11 | 11.0
Fighting       | 3 5 8 10 11 12 | 12.4
Armour         | 3 6 9 11 | 11.3
Air Magic      | 5 |  5.0

Action                     |  1- 3 |  4- 6 |  7- 9 | 10-12 | 13-15 | 16-18 || total
---------------------------+-------+-------+-------+-------+-------+-------++-------
  Melee: Dagger            |   107 |   302 |   236 |   428 |   669 |    31 ||  1773
         Punch             |     1 |     3 |     3 |     6 |     9 |     6 ||    28
         Rapier            |       |       |       |       |       |   219 ||   219
  Throw: Dart              |       |     9 |     8 |     2 |    11 |       ||    30
   Cast: Ensorcelled Hiber |     8 |    20 |    29 |    93 |   330 |    62 ||   542
         Tukima's Dance    |     4 |     2 |    11 |    14 |    19 |    14 ||    64
         Confusing Touch   |       |       |       |    15 |    23 |    10 ||    48
         Dazzling Flash    |       |       |       |     1 |    16 |     8 ||    25
         Passwall          |       |       |       |       |       |     1 ||     1
 Invoke: Shadow Step       |       |       |       |       |     4 |     6 ||    10
  Evoke: Wand              |       |     1 |       |     2 |     1 |    10 ||    14
    Use: Potion            |       |     5 |       |     1 |     2 |     5 ||    13
         Scroll            |       |     8 |    12 |     6 |     6 |    17 ||    49
   Stab: Sleeping          |    16 |    26 |    44 |    97 |   232 |    56 ||   471
         Invisible         |       |     3 |       |     1 |     1 |     3 ||     8
         Confused          |       |       |       |    13 |    21 |     6 ||    40
         Distracted        |       |       |       |     3 |     1 |     2 ||     6
 Armour: Robe              |    25 |    62 |    58 |    65 |   178 |   169 ||   557
         Skin              |       |       |       |       |    18 |       ||    18
  Dodge: Dodged            |    71 |   251 |   149 |   206 |   582 |   242 ||  1501
  Block: Other             |       |       |    10 |    44 |       |       ||    54
         Reflection        |       |       |       |     2 |       |       ||     2

Table legend: (Time is in decaauts)
 A = Elapsed time spent in this place.
 B = Non-inter-level travel time spent in this place.
 C = Inter-level travel time spent in this place.
 D = Time resting spent in this place.
 E = Time spent auto-exploring this place.
 F = Levels seen in this place.
 G = Mean time per level.
                   A        B        C        D        E       F      G
               +--------+--------+--------+--------+--------+-----+--------+
         Total |  29689 |  28610 |   1079 |   5230 |  18399 |  25 | 1187.6 |
       Dungeon |  17699 |  17071 |    628 |   2643 |  11475 |  15 | 1179.9 |
        Temple |      8 |      8 |      0 |      0 |      0 |   1 |    8.0 |
          Lair |   8690 |   8344 |    346 |   1507 |   5619 |   5 | 1738.0 |
  Orcish Mines |   2183 |   2079 |    104 |    598 |   1014 |   2 | 1091.5 |
         Sewer |    445 |    445 |      0 |      0 |    290 |   1 |  445.0 |
      Ice Cave |    661 |    661 |      0 |    482 |      0 |   1 |  661.0 |
               +--------+--------+--------+--------+--------+-----+--------+

Top non-repeatable levels by time:
  Lair:5: 2145 daAuts
  Lair:3: 2001 daAuts
  Lair:2: 1726 daAuts
     D:8: 1608 daAuts
     D:9: 1575 daAuts
    D:15: 1544 daAuts
  Lair:4: 1520 daAuts
     D:7: 1466 daAuts
    D:13: 1369 daAuts
   Orc:2: 1360 daAuts
  Lair:1: 1296 daAuts
     D:2: 1277 daAuts
     D:4: 1223 daAuts
     D:5: 1151 daAuts
     D:3: 1036 daAuts
